 Dungeon Crawl Stone Soup version 0.14.0-12-g87ee3b7 (webtiles) character file.

502847 HungrySpirit the Invulnerable (level 24, -6/373 HPs)
             Began as a Minotaur Berserker on Apr 15, 2014.
             Was an Elder of Trog.
             Mangled by an ironheart preserver
             ... wielding a +2,+2 flail
              (11 damage)
             ... on Level 5 of the Vaults.
             The game lasted 03:25:09 (76337 turns).

HungrySpirit the Invulnerable (Minotaur Berserker) Turns: 76337, Time: 03:25:10

HP  -6/373       AC 22     Str 38      XL: 24   Next:  1%
MP  11/18        EV 17     Int  9      God: Trog [****..]
Gold 3841        SH  0     Dex 13      Spells:  0 memorised, 23 levels left

rFire  . . .     SeeInvis .     L - +5,+7 executioner's axe (freeze)
rCold  + . .     Clarity  .     S - +0 plate armour {rC+}
rNeg   . . .     Conserve .     (no shield)
rPois  +         rCorr    .     (helmet unavailable)
rElec  .         rRot     .     (no cloak)
SustAb . .       Spirit   .     (no gloves)
rMut   +         Warding  .     (no boots)
Saprov . . .     Stasis   .     v - amulet "Anud Mee" {rMut Str+2 Int+3}
MR     +++..                    X - ring of Shaolin {EV+8}
                                h - ring of poison resistance

@: regenerating, berserking, very quick, extremely resistant to hostile
enchantments, extremely unstealthy
A: retaliatory headbutt, hooves 1, horns 3, agile 1, slow metabolism 1, wild
magic 1
a: Burn Spellbooks, Berserk, Trog's Hand, Brothers in Arms, Renounce Religion
}: 2/15 runes: serpentine, barnacled


You were on level 5 of the Vaults.
You worshipped Trog.
Trog was greatly pleased with you.
You were not hungry.

You visited 8 branches of the dungeon, and saw 48 of its levels.
You also visited: Ice Cave.

You collected 5318 gold pieces.
You spent 1477 gold pieces at shops.

Inventory:

Hand weapons
 p - the +3,+12 battleaxe of Activism {speed, +Inv Dex+3}
   (Trog gifted it to you on level 4 of the Depths)

   Attacks with this weapon are significantly faster.
   It affects your dexterity (+3).
   It lets you turn invisible.
 L - a +5,+7 executioner's axe of freezing (weapon)
Armour
 S - a +0 plate armour of cold resistance (worn)
Magical devices
 f - a wand of invisibility (2)
 l - a wand of teleportation (4)
 t - a wand of digging (12)
 x - a wand of cold (8)
 B - a wand of fire (0)
 C - a wand of teleportation (6)
 I - a wand of lightning (7)
 Q - a wand of digging (6)
Comestibles
 k - 15 bread rations
Scrolls
 d - a scroll of enchant armour
 e - 7 scrolls of identify
 m - 2 scrolls of remove curse
 q - a scroll of holy word
 r - 2 scrolls of magic mapping
 J - a scroll of fear
Jewellery
 h - a ring of poison resistance (left hand)
 i - the ring of Monotheism {+/*Tele Acc+4, unknown}
   (You took it off a frost giant on level 3 of the Depths)

   [ring of teleportation]

   It affects your accuracy with ranged weapons and melee attacks (+4).
 n - an uncursed ring of positive energy
 v - the amulet "Anud Mee" (around neck) {rMut Str+2 Int+3}
   (You found it on level 5 of the Dungeon)

   [amulet of resist mutation]

   It affects your strength (+2).
   It affects your intelligence (+3).
 w - the ring of the Tick {Regen +Rage Str+2 Dam-1, unknown}
   (You took it off a spriggan defender on level 4 of the Depths)

   [ring of regeneration]

   It affects your strength (+2).
   It affects your damage with ranged weapons and melee attacks (-1).
   It lets you go berserk.
 z - a +5 ring of evasion
 E - an uncursed ring of teleport control
 F - an uncursed ring of protection from magic
 N - an uncursed ring of teleportation
 R - an uncursed ring of see invisible
 V - an uncursed ring of protection from cold
 X - the ring of Shaolin (right hand) {EV+8}
   (You bought it in a shop on level 4 of the Orcish Mines)

   [ring of evasion]

   It affects your evasion (+8).
Potions
 c - a potion of brilliance
 j - a potion of invisibility
 u - a potion of berserk rage
 A - a potion of agility
 D - 2 potions of might
 U - a potion of flight
 W - a potion of magic
Miscellaneous
 T - a stone of tremors
 Z - a fan of gales


   Skills:
 O Level 27 Fighting
 O Level 27 Axes
 O Level 27 Armour
 * Level 4.6 Dodging
 + Level 2.6 Evocations


You had 23 spell levels left.
You didn't know any spells.

Dungeon Overview and Level Annotations

Branches:
Dungeon (15/15)            Temple (0/1) D:7             Orc (4/4) D:10
    Elf (0/3) Orc:3          Lair (8/8) D:8          Shoals (5/5) Lair:6
  Snake (5/5) Lair:4        Slime (0/6) Lair:7       Vaults (5/5) D:14
  Blade (1/1) Vaults:4      Crypt (0/5) Vaults:2        Zot (0/5) Depths:5
 Depths (5/5) D:15

Altars:
Dithmenos
Fedhas
Kikubaaqudgha
Makhleb
Nemelex Xobeh
Sif Muna
Vehumet
Xom
Jiyva

Shops:
D:9 *   Orc:2 =:   Orc:4 =*}(   Shoals:2 (   Snake:3 *   Vaults:1 :
Vaults:2 !   Vaults:3 [

Portals:
Hell: Depths:1 Depths:2 Depths:3* Depths:4 Depths:5
Abyss: Depths:1 Depths:3 Depths:4
Pandemonium: Depths:3 Depths:4
Trove: D:10 (show abyssal rune of Zot)

Annotations:
D:10 exclusions: oklob plant and 2 more exclusions
Vaults:5 nht's ghost, great HEAE Blade Margery
Depths:3 Saint Roka
Depths:5 3 exclusions


Innate Abilities, Weirdness & Mutations

You reflexively headbutt those who attack you in melee.
You have a pair of large horns on your head.
You have large cloven feet.
You are agile. (Dex +2)
You have a slow metabolism.
Your spells are a little harder to cast, but a little more powerful.


Message History

You resist with almost no effort.
The fire giant hits you with a great sword of flaming!
* * * LOW HITPOINT WARNING * * *
The fire giant burns you.
* * * LOW HITPOINT WARNING * * *
A deep troll comes into view.
Use which ability? (? or * to list)
A red film seems to cover your vision as you go berserk!
You feel yourself moving faster!
You feel mighty!
You feel somewhat more hungry.
Your surroundings suddenly seem different.
The yaktaur hits you but does no damage.
A deep troll shaman comes into view.
The deep troll shaman calls upon its god to speed up the deep troll.
The deep troll seems to speed up.
The deep troll barely misses you. You furiously retaliate!
You headbutt the deep troll!! The deep troll completely misses you.
The deep troll claws you but does no damage.
The ironheart preserver hits you with a flail!
You die...

..#....# ###
..#..#....# ..
...#....#
....T#..@.# ###
.#.c#..T.# ....
...#..§§#
..#..#.c#.§§.#
.......c@#.§§§#
#.@#...D#
.......Tc#..c.#
###..#..#...§#
#... .TT#...§#
#.. ....#....# .
..#..#....#
...#..#(...#
.###(.#(...######
.....(#.........$


You could see an ironheart preserver, 3 deep trolls, a deep troll shaman and 4
yaktaurs.

Vanquished Creatures
  Sojobo (Depths:3)
  Mennas (Vaults:3)
  6 golden dragons
  A bone dragon (Depths:4)
  A Brimstone Fiend (Depths:3)
  2 liches
  5 emperor scorpions
  6 tentacled monstrosities
  A quicksilver dragon (Depths:4)
  3 titans (Depths:4)
  Polyphemus (Shoals:2)
  5 storm dragons
  A kraken (Shoals:2)
  9 sphinxes
  Agnes (Snake:2)
  3 shadow dragons
  A draconian monk (Depths:5)
  Ilsuiw (Shoals:5)
  5 tengu reavers
  6 greater nagas
  5 fire giants
  A deep elf sorcerer (Vaults:4)
  Maud (Lair:5)
  2 iron dragons (Depths:4)
  12 frost giants
  An orc warlord (Vaults:3)
  Aizul (Snake:2)
  A balrug (Depths:3)
  12 vault wardens
  Jorgrun (Depths:3)
  20 stone giants
  2 deep elf demonologists
  A war gargoyle (Vaults:2)
  3 spriggan defenders
  A draconian caller (Depths:5)
  2 vampire knights
  A grey draconian (Depths:5)
  A green draconian (Depths:5)
  A deep elf annihilator (Vaults:4)
  2 yellow draconians (Depths:5)
  A red draconian (Depths:5)
  2 white draconians (Depths:5)
  3 dire elephants
  A pale draconian (shapeshifter) (Depths:4)
  15 ettins
  Snorg (Lair:3)
  5 merfolk javelineers
  3 minotaurs (Depths:4)
  35 vault guards
  14 fire dragons
  3 spriggan air magi
  19 yaktaur captains
  7 merfolk impalers
  2 deep elf high priests
  2 sirens
  3 hydras
  3 great orbs of eyes
  3 jiangshi (Depths:3)
  21 naga warriors
  13 ice dragons
  2 ravenous feature mimics
  6 anacondas
  14 ogre magi
  14 ironheart preservers
  12 rakshasas
  An alligator snapping turtle (Shoals:5)
  An alligator (Shoals:5)
  13 deep troll earth magi
  A vampire mage (Depths:3)
  5 merfolk aquamancers
  An orc high priest (Orc:4)
  A satyr (Shoals:5)
  10 deep troll shamans
  42 death yaks
  13 dancing weapons
  4 tengu warriors
  14 centaur warriors
  A titan zombie (Depths:4)
  20 naga sharpshooters
  5 spriggan berserkers
  A soul eater (Depths:3)
  6 shock serpents
  3 shadow wraiths
  13 hell knights
  A fire crab (shapeshifter) (D:15)
  17 very ugly things
  2 catoblepae
  27 deep trolls
  6 deep elf knights
  2 salamander mystics
  5 skeletal warriors (Vaults:2)
  A golden dragon zombie (Depths:2)
  8 flayed ghosts
  A fire crab (Vaults:3)
  2 unseen horrors
  8 sea snakes
  8 iron trolls
  3 deep elf summoners
  8 ironbrand convokers
  2 golden dragon skeletons (Depths:3)
  3 giant orange brains
  Pikel (D:6)
  12 hill giants
  A tengu zombie (Depths:2)
  4 water nymphs
  10 naga ritualists
  A lindwurm (Lair:8)
  4 wizards
  6 harpies
  19 orc knights
  2 phantasmal warriors
  2 iron dragon zombies
  A stone giant zombie (Vaults:4)
  A very ugly thing zombie (Depths:3)
  6 mana vipers
  12 cyclopes
  A faun (shapeshifter) (Vaults:1)
  11 necromancers
  3 red wasps
  5 orc sorcerers
  A fire giant zombie (D:14)
  33 black mambas
  6 wolf spiders
  7 fauns
  8 elephants
  17 salamanders
  A stone giant skeleton (Vaults:3)
  A sphinx skeleton (Depths:3)
  12 manticores
  8 griffons
  11 vault sentinels
  An iron dragon skeleton (Depths:3)
  A frost giant skeleton (Vaults:4)
  5 vapours (Depths:2)
  2 smoke demons
  2 black mambas (shapeshifter)
  10 mermaids
  4 drowned souls
  2 guardian serpents (Snake:2)
  A queen ant (shapeshifter) (Vaults:1)
  Psyche (D:13)
  23 naga magi
  A fire drake (shapeshifter) (Vaults:1)
  An orange demon (Depths:3)
  A spiny frog (shapeshifter) (Vaults:1)
  10 spiny frogs
  A hellwing (Orc:4)
  56 yaktaurs
  A jumping spider (shapeshifter) (D:13)
  3 kobold demonologists
  A queen bee (shapeshifter) (Vaults:2)
  2 jumping spiders (Vaults:2)
  3 tengu conjurers
  2 trolls (shapeshifter)
  A giant firefly (Depths:3)
  4 komodo dragons
  A hydra zombie (D:14)
  The ghost of Thetao the Covert, an experienced VSAs (D:6)
  A fire drake (Lair:3)
  4 blink frogs
  A boggart (shapeshifter) (Depths:2)
  An iron devil (D:13)
  26 merfolk
  6 trolls
  20 slime creatures
  14 two-headed ogres
  3 freezing wraiths
  9 air elementals
  11 ravens
  16 boggarts
  9 snapping turtles
  2 wind drakes (Shoals:5)
  5 boulder beetles
  2 grizzly bears
  A vampire (Depths:3)
  5 basilisks
  A shadow (Vaults:2)
  A hog (shapeshifter) (Vaults:4)
  2 spriggans
  A spriggan skeleton (Depths:2)
  2 stone giant simulacra (Depths:2)
  A trapdoor spider (D:15)
  2 wandering mushrooms (D:10)
  A tarantella (Vaults:2)
  3 wyverns
  12 sharks
  6 redbacks
  A fire elemental (D:15)
  6 deep elf magi
  2 wraiths
  25 yaks
  12 water elementals
  2 hill giant zombies
  An elephant slug (Lair:7)
  An elf simulacrum (Depths:2)
  7 hippogriffs
  4 hungry ghosts
  11 vampire mosquitoes
  48 ugly things
  A chaos spawn (Orc:4)
  10 deep elf fighters
  A neqoxec (Depths:3)
  A soldier ant (shapeshifter) (Depths:3)
  12 wolves
  2 wargs (Vaults:2)
  Edmund (D:7)
  49 nagas
  Menkaure (D:5)
  8 porcupines
  39 water moccasins
  An iron troll simulacrum (Vaults:3)
  3 human zombies (Depths:4)
  A mottled dragon (Vaults:1)
  2 hell hounds (D:15)
  49 orc warriors
  A slave (D:6)
  8 giant goldfish
  3 sky beasts
  7 black bears
  2 phantoms
  A black bear (shapeshifter) (Depths:4)
  A tengu (shapeshifter) (Vaults:3)
  3 boring beetles
  48 ogres
  The ghost of ketsa the Chopper, an average FoAK of Lugonu (D:3)
  31 centaurs
  A dwarf (shapeshifter) (Depths:3)
  Sigmund (D:3)
  Duvessa (D:4)
  7 giant slugs
  A yaktaur zombie (Vaults:4)
  5 big kobolds
  11 crocodiles
  22 giant frogs
  Blork the orc (Orc:1)
  A brain worm (shapeshifter) (Depths:4)
  A gnoll sergeant (D:8)
  5 human skeletons
  A deep troll simulacrum (Vaults:3)
  3 scorpions
  7 killer bees
  An eye of draining (shapeshifter) (Depths:4)
  2 eyes of draining
  A yak skeleton (Orc:4)
  A pulsating lump (shapeshifter) (Depths:4)
  8 wights
  15 electric eels
  A giant frog zombie (D:13)
  6 goliath beetles
  Dowan (D:4)
  6 crimson imps
  7 jellies
  2 quasits
  2 elf zombies
  Crazy Yiuf (D:7)
  5 big fish
  35 orc priests
  A giant frog skeleton (D:9)
  2 centaur skeletons
  An elf skeleton (D:13)
  6 hounds
  2 orange rats (Vaults:3)
  36 orc wizards
  5 iguanas
  11 worker ants
  A boulder beetle simulacrum (Vaults:2)
  Ijyb (D:2)
  33 sheep
  2 sky beast zombies
  2 hound skeletons
  34 green rats
  31 adders
  4 gnolls (D:8)
  A giant mite (Lair:4)
  2 shadow imps
  2 inept feature mimics
  10 white imps
  A goliath beetle zombie (D:8)
  5 worms
  2 ufetubi (Vaults:1)
  An orc skeleton (D:9)
  12 giant eyeballs
  4 giant geckos
  An ooze (D:1)
  144 orcs
  21 bats
  A bat skeleton (D:4)
  4 giant cockroaches
  19 goblins
  16 hobgoblins
  26 jackals
  28 kobolds
  2 ball pythons
  5 giant newts
  A hobgoblin skeleton (D:6)
  A hobgoblin zombie (D:6)
  4 orc zombies
  13 quokkas
  A quokka zombie (D:5)
  20 rats
  5 rat skeletons (Orc:4)
  3 ballistomycetes (D:11)
  5 butterflies (Depths:4)
  13 fungi
  16 plants
  4 tentacles (Shoals:2)
2244 creatures vanquished.

Vanquished Creatures (collateral kills)
  A tentacled monstrosity (Depths:4)
  A storm dragon (Depths:4)
  A tengu reaver (Depths:3)
  A frost giant (Depths:3)
  A greater naga (Snake:5)
  2 emperor scorpions (Depths:2)
  A stone giant (Depths:3)
  Azrael (D:15)
  A merfolk javelineer (Shoals:5)
  A minotaur (Depths:3)
  2 sirens (Shoals:5)
  5 hydras
  An alligator snapping turtle (Shoals:5)
  A satyr (Shoals:5)
  An ogre mage (D:15)
  2 orc high priests (Orc:4)
  2 death yaks (Lair:7)
  An iron troll (Depths:2)
  A sea snake (Shoals:5)
  A harpy (Shoals:5)
  3 orc knights (Orc:4)
  A griffon (Shoals:5)
  An orange demon (Depths:3)
  A black mamba (Snake:5)
  A yaktaur (Depths:4)
  A red devil (Orc:4)
  A merfolk (Shoals:5)
  A two-headed ogre (D:15)
  10 yaks
  2 water elementals (Shoals:5)
  2 sharks
  2 nagas (Snake:5)
  A fire elemental (D:15)
  A hell hound (D:15)
  A water moccasin (Snake:5)
  2 orc warriors
  2 orc zombies (Orc:4)
  A sky beast (D:15)
  A cyclops skeleton (D:13)
  A yak skeleton (Orc:4)
  A hound (Lair:2)
  An iguana (Lair:1)
  An orc priest (Orc:4)
  2 orc wizards (Orc:4)
  4 green rats (Lair:2)
  3 white imps (Lair:1)
  4 rat skeletons (Orc:4)
80 creatures vanquished.

Vanquished Creatures (others)
  A golden dragon (Depths:4)
  A stone giant (D:15)
  A merfolk impaler (Shoals:4)
  A deep elf high priest (Vaults:4)
  An iron troll (Depths:2)
  A deep elf knight (Depths:1)
  2 deep trolls
  A hill giant (Snake:5)
  A naga ritualist (Snake:5)
  A guardian serpent (Snake:3)
  15 drowned souls
  2 tengu conjurers (Depths:1)
  A two-headed ogre (Depths:4)
  6 trolls
  2 deep elf magi
  2 water elementals (Depths:1)
  An ugly thing (Vaults:1)
  A deep elf fighter (Depths:1)
  2 nagas
  A centaur (D:15)
  3 ogres
  A giant spore (D:11)
  2 rat skeletons (Orc:4)
  A butterfly (Depths:4)
  2 fungi
  4 plants
  10 tentacles
  69 tentacle segments
136 creatures vanquished.

Grand Total: 2460 creatures vanquished

Notes
Turn   | Place    | Note
--------------------------------------------------------------
     0 | D:1      | HungrySpirit, the Minotaur Berserker, began the quest for the Orb.
     0 | D:1      | Reached XP level 1. HP: 19/19 MP: 1/1
    23 | D:1      | Reached skill level 4 in Axes
    31 | D:1      | Reached XP level 2. HP: 12/26 MP: 1/1
   511 | D:1      | Found a sparkling altar of Nemelex Xobeh.
   610 | D:1      | Acquired Trog's second power
   745 | D:1      | Reached skill level 5 in Axes
   868 | D:1      | Reached XP level 3. HP: 31/31 MP: 2/2
  1186 | D:2      | Noticed Ijyb
  1199 | D:2      | Killed Ijyb
  1364 | D:2      | Reached skill level 6 in Axes
  1364 | D:2      | Reached XP level 4. HP: 27/39 MP: 2/2
  1822 | D:3      | Noticed ketsa's ghost (average FoAK)
  1832 | D:3      | Killed ketsa's ghost
  1832 | D:3      | Reached skill level 7 in Axes
  1832 | D:3      | Reached XP level 5. HP: 45/45 MP: 2/2
  2147 | D:3      | Noticed Sigmund
  2159 | D:3      | Killed Sigmund
  2159 | D:3      | Reached skill level 8 in Axes
  2159 | D:3      | Reached XP level 6. HP: 51/51 MP: 3/3
  2550 | D:4      | Noticed Duvessa
  2550 | D:4      | Noticed Dowan
  2558 | D:4      | Killed Duvessa
  2558 | D:4      | Reached skill level 9 in Axes
  2562 | D:4      | Killed Dowan
  3056 | D:5      | Entered Level 5 of the Dungeon
  3062 | D:5      | Acquired Trog's third power
  3109 | D:5      | Reached XP level 7. HP: 52/57 MP: 3/3
  3133 | D:5      | Reached skill level 10 in Axes
  3511 | D:5      | Noticed Menkaure
  3519 | D:5      | Killed Menkaure
  3750 | D:5      | Got an ancient bone amulet
  3775 | D:5      | Found a shimmering altar of Xom.
  3833 | D:5      | Reached skill level 11 in Axes
  4058 | D:5      | Found a shadowy altar of Dithmenos.
  4064 | D:5      | Reached XP level 8. HP: 64/64 MP: 3/3
  4428 | D:6      | Reached skill level 12 in Axes
  4548 | D:6      | Found a deep blue altar of Sif Muna.
  4821 | D:6      | Noticed a hill giant
  4828 | D:6      | Killed a hill giant
  4828 | D:6      | Reached skill level 13 in Axes
  4884 | D:6      | Noticed Pikel
  4893 | D:6      | Killed Pikel
  4893 | D:6      | Reached skill level 14 in Axes
  4893 | D:6      | Reached XP level 9. HP: 70/70 MP: 4/4
  4929 | D:6      | Noticed Thetao's ghost (experienced VSAs)
  4936 | D:6      | Killed Thetao's ghost
  5023 | D:6      | Identified the amulet "Anud Mee" {rMut Str+2 Int+3} (You found it on level 5 of the Dungeon)
  5179 | D:7      | Reached skill level 15 in Axes
  5358 | D:7      | Noticed Edmund
  5363 | D:7      | Killed Edmund
  5409 | D:7      | Noticed Crazy Yiuf
  5413 | D:7      | Killed Crazy Yiuf
  5571 | D:7      | Found a staircase to the Ecumenical Temple.
  5945 | D:8      | Reached skill level 16 in Axes
  5985 | D:8      | Received a gift from Trog
  6260 | D:8      | Reached XP level 10. HP: 61/80 MP: 4/4
  6344 | D:8      | Found a staircase to the Lair.
  6691 | Lair:1   | Entered Level 1 of the Lair of Beasts
  6698 | Lair:1   | Reached skill level 5 in Fighting
  7014 | Lair:1   | Reached skill level 5 in Armour
  7226 | Lair:1   | Found a frozen archway.
  7421 | IceCv    | Entered an ice cave
  7463 | Lair:1   | Received a gift from Trog
  8096 | Lair:1   | Got a heavily runed bronze ring
  8097 | Lair:1   | Identified the ring of the Serpent {rN+ Str-3 Dex-5} (You found it on level 1 of the Lair of Beasts)
  8326 | Lair:1   | Noticed a five-headed hydra
  8336 | Lair:1   | Killed a one-headed hydra
  8656 | Lair:2   | Reached XP level 11. HP: 73/95 MP: 4/4
  8698 | Lair:2   | Noticed a seven-headed hydra
  8738 | Lair:2   | Killed a seven-headed hydra
  9599 | Lair:3   | Noticed Snorg
  9605 | Lair:3   | Killed Snorg
 10654 | Lair:4   | Received a gift from Trog
 10709 | Lair:4   | Reached skill level 10 in Fighting
 10904 | Lair:4   | Found a staircase to the Snake Pit.
 11061 | Lair:4   | Noticed a seven-headed hydra
 11067 | Lair:4   | Killed an eight-headed hydra
 11067 | Lair:4   | Reached skill level 17 in Axes
 11558 | Lair:4   | Reached skill level 10 in Armour
 11705 | Lair:4   | Received a gift from Trog
 12048 | Lair:5   | Reached XP level 12. HP: 98/108 MP: 1/5
 12310 | Lair:5   | Noticed an eight-headed hydra
 12318 | Lair:5   | Killed a six-headed hydra
 12318 | Lair:5   | Reached skill level 18 in Axes
 12571 | Lair:5   | Received a gift from Trog
 12745 | Lair:5   | Noticed Maud
 12756 | Lair:5   | Killed Maud
 13534 | Lair:6   | Found a staircase to the Shoals.
 14252 | Lair:7   | Received a gift from Trog
 14299 | Lair:7   | Reached skill level 19 in Axes
 14579 | Lair:7   | Reached XP level 13. HP: 118/118 MP: 1/5
 14893 | Lair:7   | Found a viscous altar of Jiyva.
 14893 | Lair:7   | Found a staircase to the Slime Pits.
 15163 | Lair:8   | Entered Level 8 of the Lair of Beasts
 16488 | Lair:8   | Reached skill level 20 in Axes
 17427 | D:9      | Found an ancient bone altar of Kikubaaqudgha.
 17464 | D:9      | Received a gift from Trog
 17537 | D:9      | Found Gaul's General Store.
 17671 | D:10     | Entered Level 10 of the Dungeon
 17777 | D:10     | Found a portal to a secret trove of treasure.
 18107 | D:10     | Received a gift from Trog
 18329 | D:10     | Found a blossoming altar of Fedhas.
 18546 | D:10     | Found a staircase to the Orcish Mines.
 18568 | Orc:1    | Entered Level 1 of the Orcish Mines
 18589 | Orc:1    | Received a gift from Trog
 18742 | Orc:1    | Paralysed by an orc sorcerer for 3 turns
 18971 | Orc:2    | Found a radiant altar of Vehumet.
 19083 | Orc:2    | Found Hasurou's Jewellery Shop.
 19273 | Orc:3    | Found a radiant altar of Vehumet.
 19392 | Orc:2    | Found Vosu's Book Shoppe.
 19581 | Orc:1    | Received a gift from Trog
 19885 | Orc:1    | Noticed Blork the orc
 19895 | Orc:1    | Killed Blork the orc
 19954 | Orc:4    | Entered Level 4 of the Orcish Mines
 19999 | Orc:4    | Identified a scroll of acquirement
 20084 | Orc:4    | Found an ancient bone altar of Kikubaaqudgha.
 20108 | Orc:4    | Received a gift from Trog
 20148 | Orc:3    | Found a staircase to the Elven Halls.
 20744 | Orc:4    | Received a gift from Trog
 21081 | Orc:4    | Reached XP level 14. HP: 69/130 MP: 1/5
 21088 | Orc:4    | Found Faoskis' Weapon Shoppe.
 21088 | Orc:4    | Found Jocai's Gadget Shop.
 21100 | Orc:4    | Found Seguen's Jewellery Shop.
 21100 | Orc:4    | Found Khaub's General Store.
 21329 | Orc:4    | Bought a potion of magic for 71 gold pieces
 21335 | Orc:4    | Bought the ring of Shaolin {EV+8} for 1280 gold pieces
 22324 | D:11     | Received a gift from Trog
 22900 | D:12     | Reached skill level 21 in Axes
 23907 | D:13     | Paralysed by a giant eyeball for 4 turns
 23923 | D:13     | Paralysed by a giant eyeball for 3 turns
 23931 | D:13     | Paralysed by a giant eyeball for 3 turns
 23941 | D:13     | Received a gift from Trog
 24249 | D:13     | Noticed Psyche
 24266 | D:13     | Killed Psyche
 24586 | D:13     | Gained mutation: You are dopey. (Int -2) [potion of mutation]
 24586 | D:13     | Gained mutation: You are agile. (Dex +2) [potion of mutation]
 24586 | D:13     | Gained mutation: Your spells are a little harder to cast, but a little more powerful. [potion of mutation]
 24587 | D:13     | Gained mutation: You have large cloven feet. [potion of mutation]
 24587 | D:13     | Lost intelligence.
 24587 | D:13     | Gained mutation: You are very dopey. (Int -4) [potion of mutation]
 24587 | D:13     | Lost mutation: You are very dopey. (Int -4) [potion of mutation]
 24591 | D:13     | Lost mutation: You are dopey. (Int -2) [potion of mutation]
 24591 | D:13     | Gained mutation: You have a slow metabolism. [potion of mutation]
 24591 | D:13     | Gained mutation: You have a pair of large horns on your head. [potion of mutation]
 25144 | D:13     | Received a gift from Trog
 25645 | D:14     | Found an ancient bone altar of Kikubaaqudgha.
 25660 | D:14     | Reached skill level 22 in Axes
 25821 | D:14     | Found a gate to the Vaults.
 25838 | D:14     | Reached skill level 15 in Fighting
 26370 | D:14     | Reached XP level 15. HP: 123/141 MP: 0/6
 26374 | D:14     | Received a gift from Trog
 26457 | D:14     | Noticed a fire giant
 26467 | D:14     | Killed a fire giant
 26787 | D:14     | Noticed a frost giant
 26798 | D:14     | Killed a frost giant
 26816 | D:14     | Noticed a frost giant
 26834 | D:14     | Killed a frost giant
 26921 | D:14     | Noticed a shadow dragon
 26929 | D:14     | Killed a shadow dragon
 27064 | D:15     | Entered Level 15 of the Dungeon
 27147 | D:15     | Received a gift from Trog
 27189 | D:15     | Reached skill level 23 in Axes
 27579 | D:15     | Noticed Azrael
 27599 | D:15     | Killed Azrael
 27950 | D:15     | Received a gift from Trog
 28658 | D:15     | Found a staircase to the Depths.
 28932 | D:13     | Paralysed by an orc priest for 4 turns
 29203 | Snake:1  | Entered Level 1 of the Snake Pit
 30666 | Snake:2  | Received a gift from Trog
 31317 | Snake:2  | Reached skill level 24 in Axes
 31692 | Snake:2  | Noticed Aizul
 31713 | Snake:2  | Killed Aizul
 31997 | Snake:2  | Reached XP level 16. HP: 152/152 MP: 2/6
 32105 | Snake:2  | Received a gift from Trog
 32284 | Snake:2  | Noticed Agnes
 32290 | Snake:2  | Killed Agnes
 33579 | Snake:3  | Found Klautat's General Store.
 33586 | Snake:3  | Bought a scroll of blinking for 82 gold pieces
 33586 | Snake:3  | Bought a scroll of identify for 22 gold pieces
 33586 | Snake:3  | Bought a scroll of identify for 22 gold pieces
 33685 | Snake:3  | Received a gift from Trog
 34249 | Snake:4  | Reached skill level 25 in Axes
 35165 | Snake:4  | Received a gift from Trog
 35382 | Snake:5  | Entered Level 5 of the Snake Pit
 36836 | Snake:5  | Received a gift from Trog
 37294 | Snake:5  | Reached XP level 17. HP: 117/163 MP: 6/6
 37930 | Snake:5  | Reached skill level 26 in Axes
 38252 | Snake:5  | Received a gift from Trog
 39144 | Snake:5  | Received a gift from Trog
 39314 | Snake:5  | Got a serpentine rune of Zot
 40465 | Shoals:1 | Entered Level 1 of the Shoals
 41549 | Shoals:1 | Received a gift from Trog
 42296 | Shoals:2 | Noticed Polyphemus
 42303 | Shoals:2 | Killed Polyphemus
 42485 | Shoals:2 | Found Nuhy's Antique Weapon Shop.
 42580 | Shoals:3 | Received a gift from Trog
 43088 | Shoals:4 | Reached XP level 18. HP: 153/178 MP: 7/7
 43549 | Shoals:4 | Received a gift from Trog
 43754 | Shoals:5 | Entered Level 5 of the Shoals
 43759 | Shoals:5 | Reached skill level 15 in Armour
 44365 | Shoals:5 | Noticed Ilsuiw
 45065 | Shoals:5 | Killed Ilsuiw
 46215 | Shoals:5 | Received a gift from Trog
 47115 | Shoals:5 | Got a barnacled rune of Zot
 48440 | Depths:1 | Entered Level 1 of the Depths
 48990 | Vaults:1 | Entered Level 1 of the Vaults
 49001 | Vaults:1 | Received a gift from Trog
 49545 | Vaults:1 | Received a gift from Trog
 50050 | Vaults:1 | Found Blatt's Book Shoppe.
 50193 | Vaults:1 | Reached XP level 19. HP: 74/190 MP: 7/7
 50869 | Vaults:1 | Received a gift from Trog
 51839 | Vaults:2 | Found a staircase to the Crypt.
 53161 | Vaults:2 | Received a gift from Trog
 53646 | Vaults:2 | Received a gift from Trog
 53686 | Vaults:2 | Found Xogier's Distillery.
 53976 | Vaults:3 | Found Keosepla's Antique Armour Boutique.
 54212 | Vaults:3 | Received a gift from Trog
 54452 | Vaults:3 | Noticed Mennas
 54743 | Vaults:3 | HP: 9/193 [Mennas/eudemon blade of holy wrath (13)]
 54743 | Vaults:3 | HP: 1/193 [Mennas/eudemon blade of holy wrath (8)]
 55235 | Vaults:3 | HP: 7/193 [Mennas/eudemon blade of holy wrath (6)]
 55242 | Vaults:3 | Killed Mennas
 56285 | Vaults:3 | Reached XP level 20. HP: 171/203 MP: 7/7
 56942 | Vaults:3 | Got a crude iron ring
 57032 | Vaults:4 | Received a gift from Trog
 57390 | Vaults:4 | Paralysed by a lich for 4 turns
 58137 | Vaults:4 | Found a staircase to the Hall of Blades.
 58455 | Vaults:4 | Received a gift from Trog
 58635 | Blade    | Entered the Hall of Blades
 59283 | Blade    | Noticed Margery
 60304 | Depths:1 | Found a one-way gate to the infinite horrors of the Abyss.
 60343 | Depths:1 | Found a gateway to Hell.
 60475 | Depths:1 | Received a gift from Trog
 61370 | Depths:2 | Received a gift from Trog
 61370 | Depths:2 | Reached XP level 21. HP: 95/215 MP: 8/8
 61859 | Depths:2 | Paralysed by a giant eyeball for 3 turns
 64240 | Depths:3 | Noticed Sojobo
 64711 | Depths:3 | Received a gift from Trog
 65169 | Depths:3 | Identified the ring of Ixkoij {+Fly Dex+3 Int-3} (You took it off a deep elf demonologist on level 3 of the Vaults)
 65800 | Depths:3 | Paralysed by a giant eyeball for 2 turns
 65949 | Depths:3 | Noticed Saint Roka
 65963 | Depths:3 | Paralysed by a giant eyeball for 3 turns
 65970 | Depths:3 | Paralysed by a giant eyeball for 4 turns
 65977 | Depths:3 | Received a gift from Trog
 66031 | Depths:3 | Paralysed by a giant eyeball for 2 turns
 66040 | Depths:3 | Paralysed by a giant eyeball for 3 turns
 66480 | Depths:3 | Found a one-way gate leading to the halls of Pandemonium.
 66480 | Depths:3 | Noticed Jorgrun
 66490 | Depths:3 | Killed Jorgrun
 66898 | Depths:3 | Paralysed by a giant eyeball for 4 turns
 67975 | Depths:3 | Reached XP level 22. HP: 226/228 MP: 8/8
 68113 | Depths:3 | Got a glittering marble ring
 68456 | Depths:3 | Killed Sojobo
 68729 | Depths:4 | Paralysed by a giant eyeball for 4 turns
 68891 | Depths:4 | Received a gift from Trog
 68910 | Depths:4 | Got a twisted battleaxe {god gift}
 68911 | Depths:4 | Identified the +3,+12 battleaxe of Activism {speed, +Inv Dex+3} (Trog gifted it to you on level 4 of the Depths)
 69326 | Depths:4 | Found a shimmering altar of Xom.
 69327 | Depths:4 | Found a burning altar of Makhleb.
 69327 | Depths:4 | Found a radiant altar of Vehumet.
 70015 | Depths:4 | Paralysed by a giant eyeball for 3 turns
 70493 | Depths:4 | Got a faintly glowing brass ring
 70977 | Depths:4 | Paralysed by a giant eyeball for 4 turns
 71255 | Depths:4 | Reached XP level 23. HP: 214/236 MP: 8/8
 71537 | Depths:5 | Entered Level 5 of the Depths
 71632 | Depths:5 | Received a gift from Trog
 72166 | Depths:5 | Paralysed by a giant eyeball for 3 turns
 72517 | Depths:5 | Received a gift from Trog
 72905 | Depths:5 | Reached skill level 27 in Armour
 73782 | Depths:5 | Found a gate to the Realm of Zot.
 74400 | Vaults:1 | Received a gift from Trog
 74607 | Vaults:5 | Entered Level 5 of the Vaults
 75002 | Vaults:4 | Reached skill level 27 in Axes
 76218 | Vaults:5 | Reached skill level 27 in Fighting
 76312 | Vaults:5 | Reached skill level 1 in Evocations
 76319 | Vaults:5 | Noticed nht's ghost (great HEAE)
 76325 | Vaults:5 | Reached XP level 24. HP: 46/249 MP: 9/18
 76332 | Vaults:5 | Noticed an ancient lich
 76335 | Vaults:5 | HP: 9/249 [fire giant/great sword of flaming (23)]
 76336 | Vaults:5 | HP: 3/249 [fire giant/great sword of flaming (10)]
 76337 | Vaults:5 | Mangled by an ironheart preserver

Action                   |  1- 3 |  4- 6 |  7- 9 | 10-12 | 13-15 | 16-18 | 19-21 | 22-24 || total
-------------------------+-------+-------+-------+-------+-------+-------+-------+-------++-------
Melee: Hand axe          |   100 |   110 |   241 |   190 |       |       |       |       ||   641
       Battleaxe         |       |       |     2 |   434 |  1372 |   224 |       |     6 ||  2038
       Executioner's axe |       |       |       |       |       |   903 |  1285 |   669 ||  2857
Invok: Berserk           |     1 |     3 |     6 |     4 |     4 |     4 |     3 |     5 ||    30
       Brothers in Arms  |       |       |       |     4 |     9 |    11 |    11 |     5 ||    40
       Burn Spellbooks   |       |       |       |     1 |     3 |     4 |     2 |     1 ||    11
       Trog's Hand       |       |       |       |       |     3 |     5 |     9 |    10 ||    27
Evoke: Wand              |       |       |     2 |     8 |     3 |    14 |     1 |     4 ||    32
       Fan of gales      |       |       |       |       |       |     1 |       |       ||     1
       Stone of tremors  |       |       |       |       |       |     1 |       |       ||     1
  Use: Scroll            |       |       |    13 |     9 |    23 |    21 |    11 |     2 ||    79
       Potion            |       |       |       |       |     6 |    10 |    12 |     6 ||    34
 Stab: Distracted        |       |       |       |       |       |       |     1 |       ||     1
